 Dungeon Crawl Stone Soup version 0.30-a0-830-gfe289a77b0 (webtiles) character file.

Game seed: 14623854885171697476

34 Iich the Chopper (level 3, -2/32 (33) HPs)
             Began as a Hill Orc Fighter on Feb 28, 2023.
             Killed from afar by Natasha (9 damage)
             ... with a magic dart
             ... on level 2 of the Dungeon.
             The game lasted 00:02:11 (1296 turns).

Iich the Chopper (Hill Orc Fighter)                 Turns: 1296, Time: 00:02:11

HP:   -2/32 (33)    AC:  0    Str: 18    XL:     3   Next: 31%
MP:   3/3           EV: 13    Int:  8    God:
Gold: 1             SH:  0    Dex: 12    Spells: 2/2 levels left

rFire   . . .      SeeInvis .    (weapon currently unavailable)
rCold   . . .      Faith    .    (shield currently unavailable)
rNeg    . . .      Spirit   .    (body armour currently unavailable)
rPois   .          Reflect  .    (helmet currently unavailable)
rElec   .          Harm     .    (cloak currently unavailable)
rCorr   .          Rampage  .    (gloves currently unavailable)
Will    .....                    (boots currently unavailable)
Stlth   +                        (no amulet)
HPRegen 0.25/turn                (ring currently unavailable)
MPRegen 0.08/turn                (ring currently unavailable)

@: pig-form (expiring), slowed, lightly drained
A: fast, no casting, small
a: no special abilities


You were on level 2 of the Dungeon.
You were a filthy swine.
You visited 1 branch of the dungeon, and saw 2 of its levels.

You collected 27 gold pieces.
You spent 26 gold pieces at shops.

Inventory:

Hand Weapons
 a - a +0 war axe (melded)
Armour
 b - a +0 scale mail (melded)
 c - a +0 buckler (melded)
Jewellery
 g - a ring of resist corrosion (melded)
 k - a ring of protection from fire (melded)
Scrolls
 i - a scroll of blinking
 j - a scroll of teleportation {unknown}
 l - a scroll of fear {unknown}
 m - a scroll of immolation {unknown}
Potions
 d - 2 potions of might
 e - a potion of lignification {unknown}
 f - a potion of invisibility {unknown}
 h - a potion of flight


   Skills:
 + Level 4.2 Fighting
 * Level 4.3 Axes
 - Level 3.2 Armour
 - Level 3.2 Shields


You had 2 spell levels left.
You didn't know any spells.
Your spell library was empty.

Dungeon Overview and Level Annotations

Branches:
Dungeon (2/15)

Altars:

Shops:
D:1 ?

Annotations:
D:2 Natasha


Message History

You closely miss Natasha.
Natasha is heavily wounded.
Natasha stares at you and mumbles some strange words.
The magic dart hits you!
* * * LOW HITPOINT WARNING * * *
You closely miss Natasha.
Natasha is heavily wounded.
Natasha closely misses you.
You hit Natasha.
Natasha is severely wounded.
Natasha barely misses you.
You hit Natasha but do no damage.
Natasha is severely wounded.
Your transformation is almost over.
Natasha barely misses you.
You hit Natasha.
Natasha is severely wounded.
You hit Natasha.
Natasha is almost dead.
Natasha completely misses you.
You closely miss Natasha.
Natasha is almost dead.
Natasha claws you!
* * * LOW HITPOINT WARNING * * *
You hit Natasha.
Natasha is almost dead.
Natasha claws you.
* * * LOW HITPOINT WARNING * * *
You barely miss Natasha.
Natasha is almost dead.
Natasha casts a spell.
You hit Natasha.
Natasha is almost dead.
Natasha casts a spell at you.
You feel yourself slow down.
You barely miss Natasha.
Natasha is almost dead.
Natasha stares at you and mumbles some strange words.
The magic dart hits you!
You die...

#. #..?##############
#..55hh..).....#<####.
#..###########........
#.#.##### #...# ##..#
#..# #..# #..# #..#


You could see Natasha, a white imp (summoned) and a shadow imp (summoned).

Vanquished Creatures
  A dart slug (D:2)
  A ball python (D:1)
  An endoplasm (D:1)
  2 giant cockroaches (D:1)
  3 goblins (D:1)
  3 hobgoblins (D:1)
  4 jackals (D:1)
  7 kobolds
  2 bats (D:1)
  2 frilled lizards
  5 rats
31 creatures vanquished.

Notes
Turn   | Place    | Note
-------+----------+-------------------------------------------
     0 | D:1      | Iich the Hill Orc Fighter began the quest for the Orb.
     0 | D:1      | Reached XP level 1. HP: 19/19 MP: 1/1
   211 | D:1      | Found The Oracle's Delphic Readings.
   261 | D:1      | Reached XP level 2. HP: 21/23 MP: 2/2
   527 | D:1      | Found a faded altar of an unknown god.
   593 | D:1      | Reached XP level 3. HP: 27/32 MP: 3/3
  1203 | D:1      | Bought a scroll of identify for 26 gold pieces
  1278 | D:2      | Noticed Natasha
  1296 | D:2      | Killed from afar by Natasha

Illustrated notes

Levels and vault maps discovered:
D:1:      heliophobic_arrival_glass_houses, layout_basic,
          ebering_ecumenical_altar_box, nicolae_nh_oracle_at_delphi
D:2:      layout_loops_ring, roderic_roman_lattice, uniq_natasha

Skill      XL: |  1  2 |
---------------+-------+-----
Axes           | 3 4 |  4.3
Fighting       | 4 |  4.2
Armour         | |  3.2
Shields        | |  3.2

Action                     || total
---------------------------++-------
  Melee: War axe           ||    93
         Unarmed           ||    15
    Use: Potion            ||     1
         Scroll            ||     1
 Armour: Scale mail        ||    43
  Dodge: Dodged            ||    50
  Block: Buckler           ||    25

Table legend: (Time is in decaauts)
 A = Elapsed time spent in this place.
 B = Non-inter-level travel time spent in this place.
 C = Inter-level travel time spent in this place.
 D = Time resting spent in this place.
 E = Time spent auto-exploring this place.
 F = Levels seen in this place.
 G = Mean time per level.
                   A        B        C        D        E       F      G
               +--------+--------+--------+--------+--------+-----+--------+
         Total |   1327 |   1273 |     54 |      0 |   1030 |   2 |  663.5 |
       Dungeon |   1327 |   1273 |     54 |      0 |   1030 |   2 |  663.5 |
               +--------+--------+--------+--------+--------+-----+--------+

Top non-repeatable levels by time:
     D:1: 1248 daAuts
     D:2: 78 daAuts
